AoeStats
← 739697286

Oasis

509614642Analyzed
4v4 RM · 6d ago on Sep 27, 2026· 44m 27s· 8 players
Game mode
Random Map
Map size
Large (8 player)
Population
200
Speed
Normal
Resources
Standard
Victory
Conquest
Starting age
Dark Age
Ending age
Imperial Age
RankedLock teamsTeams togetherTeam positionsShared explorationLock speedFull tech treeHidden civsTurbo modeCheats
Victory
Defeat
🇻🇳 Saxons · Vietnam
1534
+15
🇨🇳 Franks · China
1504
+16
🇨🇳 Britons · China
1478
+17
🇧🇷 Hindustanis · Brazil
1460
+18
🇫🇷 Spanish · France
1604
-21
🇫🇷 Persians · France
1547
-18
🇭🇰 Britons · Hong Kong SAR China
1440
-14
🇭🇰 Cumans · Hong Kong SAR China
1423
-13
超级硬邦邦
6:36 Loom
9:35 Feudal Age
9:49 Man-at-Arms
17:13 Double-Bit Axe
17:45 Horse Collar
22:42 Castle Age
21:48 Fletching
21:58 Padded Archer Armor
22:45 Crossbowman
27:15 Bow Saw
27:45 Gold Mining
27:45 Stone Mining
29:44 Wheelbarrow
33:37 Hand Cart
33:08 Town Watch
37:52 Imperial Age
36:34 Gold Shaft Mining
37:11 Bodkin Arrow
37:32 Leather Archer Armor
38:42 Bracer
39:45 Ring Archer Armor
39:56 Conscription
39:06 Arbalester
41:56 Two-Man Saw
42:08 Chemistry
42:10 Elite Longbowman
43:27 Coinage
SS_Tiozão
9:16 Feudal Age
7:57 Loom
9:49 Double-Bit Axe
13:02 Scale Barding Armor
15:03 Forging
16:01 Horse Collar
17:47 Bloodlines
18:43 Gold Mining
21:47 Castle Age
23:08 Wheelbarrow
22:55 Husbandry
22:17 Light Cavalry
23:34 Iron Casting
26:13 Chain Barding Armor
29:25 Heavy Plow
31:43 Gold Shaft Mining
31:19 Bow Saw
32:21 Hand Cart
32:37 Stone Mining
33:31 Town Watch
38:08 Imperial Age
36:18 Town Patrol
36:43 Masonry
36:45 Fortified Wall
38:14 Heavy Camel Rider
39:31 Plate Barding Armor
39:58 Blast Furnace
40:02 Two-Man Saw
39:41 Stone Shaft Mining
39:29 Ballistics
40:09 Chemistry
40:00 Imperial Camel Rider
41:56 Hussar
43:57 Conscription
43:44 Fletching
7:06 Loom
9:20 Feudal Age
14:53 Castle Age
13:22 Double-Bit Axe
15:45 Fletching
20:07 Crossbowman
23:10 Bodkin Arrow
25:43 Wheelbarrow
25:29 Padded Archer Armor
27:50 Leather Archer Armor
28:20 Bow Saw
30:26 Ballistics
30:43 Town Watch
31:14 Hand Cart
31:25 Thumb Ring
31:52 Gold Mining
31:53 Stone Mining
38:25 Imperial Age
36:26 Horse Collar
37:26 Heavy Plow
38:02 Gold Shaft Mining
39:13 Bracer
38:38 Arbalester
41:08 Chemistry
40:49 Caravan
40:39 Treadmill Crane
41:10 Masonry
42:37 Two-Man Saw
42:26 Conscription
42:50 Siege Engineers
44:14 Ring Archer Armor
44:57 Architecture
44:23 Murder Holes
45:10 Hoardings
739697286
7:31 Loom
9:47 Feudal Age
10:13 Double-Bit Axe
19:09 Castle Age
18:42 Scale Barding Armor
18:48 Forging
18:35 Gold Mining
18:38 Stone Mining
20:22 Bow Saw
24:19 Pikeman
24:59 Squires
26:12 Scale Mail Armor
26:22 Forging
26:12 Scale Mail Armor
26:22 Forging
26:13 Scale Mail Armor
26:23 Forging
26:13 Scale Mail Armor
27:00 Wheelbarrow
28:03 Chain Mail Armor
27:58 Forging
28:03 Chain Mail Armor
27:58 Forging
28:04 Chain Mail Armor
27:59 Forging
28:04 Chain Mail Armor
27:59 Forging
28:04 Chain Mail Armor
27:59 Forging
34:30 Imperial Age
32:38 Forging
34:02 Gold Shaft Mining
33:48 Husbandry
35:10 Iron Casting
34:55 Chain Barding Armor
35:10 Iron Casting
34:56 Chain Barding Armor
35:11 Iron Casting
34:56 Chain Barding Armor
35:11 Iron Casting
34:56 Chain Barding Armor
34:26 Fletching
35:00 Squires
35:09 Cavalier
36:23 Hand Cart
37:35 Chain Barding Armor
38:16 Blast Furnace
37:36 Chain Barding Armor
38:17 Blast Furnace
39:12 Blast Furnace
38:44 Plate Mail Armor
39:12 Light Cavalry
39:52 Paladin
44:18 Plate Barding Armor
malathrock
3:17 Loom
10:47 Feudal Age
17:51 Double-Bit Axe
19:17 Horse Collar
25:20 Castle Age
24:30 Bloodlines
24:14 Gold Mining
24:57 Padded Archer Armor
26:29 Husbandry
26:28 Stone Mining
26:50 Bow Saw
26:53 Fletching
31:38 Heavy Plow
35:28 Pikeman
36:11 Scale Mail Armor
36:29 Leather Archer Armor
36:53 Wheelbarrow
36:25 Squires
37:30 Forging
39:01 Hand Cart
38:32 Town Watch
39:58 Chain Mail Armor
40:20 Iron Casting
40:58 Masonry
45:11 Imperial Age
42:38 Bodkin Arrow
43:06 Elite Skirmisher
文風
8:42 Feudal Age
9:27 Double-Bit Axe
10:41 Wheelbarrow
11:08 Horse Collar
20:18 Castle Age
19:45 Stone Mining
19:45 Gold Mining
19:59 Loom
22:52 Bow Saw
23:09 Scale Barding Armor
23:53 Forging
24:38 Bloodlines
34:34 Imperial Age
34:19 Chain Barding Armor
34:51 Cavalier
37:27 Plate Barding Armor
38:48 Paladin
40:40 Fletching
41:15 Hand Cart
42:08 Light Cavalry
Dark Horse
10:37 Feudal Age
11:26 Loom
11:31 Double-Bit Axe
14:20 Castle Age
12:33 Gold Mining
12:39 Horse Collar
15:03 Bow Saw
20:11 Wheelbarrow
23:10 Scale Barding Armor
25:57 Chain Barding Armor
26:04 Bloodlines
25:54 Husbandry
26:47 Husbandry
27:17 Stone Mining
31:18 Forging
31:32 Town Watch
33:33 Gold Shaft Mining
38:38 Imperial Age
38:30 Iron Casting
38:17 Cavalier
39:39 Plate Barding Armor
40:17 Conscription
39:37 Savar
41:49 Blast Furnace
40:56 Heavy Plow
41:18 Fletching
43:21 Ballistics
43:34 Bodkin Arrow
44:41 Chemistry
44:43 Hand Cart
44:29 Town Patrol
屌炸天
10:35 Feudal Age
11:31 Loom
14:46 Gold Mining
17:42 Double-Bit Axe
18:31 Fletching
23:31 Horse Collar
26:03 Castle Age
24:22 Padded Archer Armor
26:06 Crossbowman
26:43 Bodkin Arrow
28:45 Leather Archer Armor
33:42 Bow Saw
35:19 Coinage
36:00 Ballistics
39:54 Heavy Plow
45:58 Imperial Age
43:41 Squires
Connection lost

Rejoining the realm…

Still unreachable

The connection could not be restored.

Session expired

The server has moved on; the page needs a fresh start.